 Dungeon Crawl Stone Soup version 0.22-a0-379-ga9d99d6 (webtiles) character file.

644 4thArraOfDagon the Digger (level 7, -1/46 HPs)
             Began as a Demonspawn Earth Elementalist on Apr 28, 2018.
             Slain by an orc warrior
             ... wielding a +0 long sword
              (6 damage)
             ... on level 6 of the Dungeon.
             The game lasted 00:10:41 (1882 turns).

4thArraOfDagon the Digger (DsEE)                    Turns: 1882, Time: 00:10:42

Health: -1/46      AC:  4    Str: 13 (16) XL:     7   Next: 26%
Magic:  0/13       EV: 12    Int: 17 (18) God:
Gold:   124        SH:  0    Dex: 12 (15) Spells: 6/15 levels left

rFire    . . .     SeeInvis .   h - +0 dagger (venom)
rCold    + + +     Gourm    .   (no shield)
rNeg     . . .     Faith    .   k - +0 robe of the Volcano {*Slow rElec rC+++ Str+7} (curse)
rPois    .         Spirit   +   (no helmet)
rElec    +         Reflect  .   (no cloak)
rCorr    .         Harm     .   o - +1 pair of gloves
MR       .....                  (no boots)
Stlth    +++.......             (no amulet)
HPRegen  0.15/turn              (no ring)
MPRegen  0.26/turn              (no ring)

@: slowed, very slow
A: thin skeletal structure 1, nightstalker 1, magic shield, magic regeneration
a: no special abilities


You were on level 6 of the Dungeon.
You were near starving.

You visited 1 branch of the dungeon, and saw 7 of its levels.

You collected 124 gold pieces.

Inventory:

Hand Weapons
 e - a +0 quarterstaff
 h - a +0 dagger of venom (weapon)
Missiles
 b - 16 stones (quivered)
Armour
 c - a +0 robe
 k - the cursed +0 robe of the Volcano (worn) {*Slow rElec rC+++ Str+7}
   (You found it on level 5 of the Dungeon)

   It affects your strength (+7).
   It renders you almost immune to cold.
   It insulates you from electricity.
   It may slow you when you take damage.
   It has a curse placed upon it.
 o - a +1 pair of gloves (worn)
Scrolls
 a - a scroll of enchant weapon
 i - a scroll of random uselessness
 q - 3 scrolls of remove curse
Comestibles
 d - 5 rations


   Skills:
 - Level 1.7 Dodging
 - Level 1.7 Stealth
 + Level 4.5 Spellcasting
   Level 0.8 Transmutations
 * Level 6.5 Earth Magic


You had 6 spell levels left.
You knew the following spells:

 Your Spells              Type           Power        Failure   Level  Hunger
a - Sandblast             Erth           ####..       1%          1    None
b - Stone Arrow           Conj/Erth      ##....       12%         3    ###....
c - Lee's Rapid Deconstr  Erth           ####......   28%         5    ######.


Dungeon Overview and Level Annotations

Branches:
Dungeon (7/15)
 Temple: D:4-7

Altars:
Hepliaklqana

Shops:
D:6 (

Annotations:
D:3 exclusion: orc priest
D:6 exclusion: downstairs


Innate Abilities, Weirdness & Mutations

You have a somewhat thin skeletal structure. (Dex +2, Stealth)
You are slightly more attuned to the shadows.
When hurt, damage is shared between your health and your magic reserves.
You regenerate magic rapidly.


Message History

Unknown command.
Unknown command.
You are near starving!
The orc warrior hits you with a long sword!
* * * LOW HITPOINT WARNING * * *
You feel yourself slow down.
The orc warrior sings a few bars from the Orcish anthem.
The orc warrior misses you.
The orc warrior hits you with a long sword.
* * * LOW HITPOINT WARNING * * *
Unknown command.
The orc warrior hits you with a long sword!
* * * LOW HITPOINT WARNING * * *
Unknown command.
Unknown command.
It was a potion of degeneration.
There was something very wrong with that liquid.
You feel weakened.
You feel dopey.
You feel clumsy.
The orc warrior hits you with a long sword!
You die...

...## #.# #..## #.#
#.# ...# #.# ####..#
#.# #.# ##.#
#.#####.....# #.# #.#
#.# #.##....###.# #.#
##.# #.# #.##....# #.#
#.######... #.#
#.##...##
#.####.#.......# #.#
#.##...#
#........#.##### #)#
#.###.#####.####.##..#
#(# #<# #....@o.#
#.##.## #(## #.#
#######.# #.#..# #..##
#.# ##.####...##
##..###.#####
#..##.....# #
##........<#
#.##..###.# #.
#.........# #.##.# #.#
###.. #.........#
#....####.###...#
#)###.#####
##..###.........# #.#
#.# #..## #.........#


You could see an orc warrior.

Vanquished Creatures
  An ogre (D:6)
  An ice beast (D:7)
  A centaur (D:6)
  A bullfrog (D:6)
  2 howler monkeys
  A bullfrog skeleton (D:5)
  3 orc wizards
  An orc priest (D:5)
  A worker ant (D:6)
  A hound skeleton (D:4)
  An adder (D:7)
  A shadow imp (D:5)
  An adder skeleton (D:7)
  2 worms
  2 leopard geckos
  7 orcs
  3 giant cockroaches
  2 goblins
  3 hobgoblins (D:1)
  2 jackals (D:2)
  A quokka (D:6)
  3 bats
  2 frilled lizards
  3 kobolds
  A leopard gecko zombie (D:6)
  A rat (D:1)
48 creatures vanquished.

Notes
Turn   | Place    | Note
-------+----------+-------------------------------------------
     0 | D:1      | 4thArraOfDagon the Demonspawn Earth Elementalist began the quest for the Orb.
     0 | D:1      | Reached XP level 1. HP: 13/13 MP: 3/3
    59 | D:2      | Reached skill level 3 in Earth Magic
   118 | D:1      | Gained mutation: When hurt, damage is shared between your health and your magic reserves. [demonic ancestry]
   118 | D:1      | Reached XP level 2. HP: 12/19 MP: 1/5
   433 | D:4      | Reached XP level 3. HP: 23/24 MP: 2/6
   467 | D:4      | Noticed a phantom
   493 | D:5      | Entered Level 5 of the Dungeon
   525 | D:5      | Reached skill level 4 in Earth Magic
   525 | D:5      | Gained mutation: You have a somewhat thin skeletal structure. (Dex +2, Stealth) [demonic ancestry]
   525 | D:5      | Reached XP level 4. HP: 8/30 MP: 0/8
   597 | D:5      | Got a shadowed robe
   608 | D:5      | Identified the cursed +0 robe of the Volcano {*Slow rElec rC+++ Str+7} (You found it on level 5 of the Dungeon)
   664 | D:6      | Noticed a phantom
   845 | D:5      | Learned a level 3 spell: Stone Arrow
   855 | D:5      | Noticed an ice beast
   869 | D:5      | Noticed a phantom
   952 | D:6      | Noticed an ogre
   958 | D:6      | Killed an ogre
   958 | D:6      | Gained mutation: You regenerate magic rapidly. [demonic ancestry]
   958 | D:6      | Reached XP level 5. HP: 23/35 MP: 4/10
   993 | D:7      | Noticed an ice beast
  1002 | D:6      | Learned a level 5 spell: Lee's Rapid Deconstruction
  1077 | D:7      | Noticed a hippogriff
  1182 | D:6      | Noticed a centaur
  1226 | D:6      | Killed a centaur
  1226 | D:6      | Reached skill level 5 in Earth Magic
  1226 | D:6      | Reached XP level 6. HP: 18/41 MP: 2/11
  1311 | D:6      | Found Geazoo's Antique Weapon Emporium.
  1435 | D:5      | Reached skill level 6 in Earth Magic
  1572 | D:7      | Killed an ice beast
  1572 | D:7      | Gained mutation: You are slightly more attuned to the shadows. [demonic ancestry]
  1572 | D:7      | Reached XP level 7. HP: 45/46 MP: 7/13
  1600 | D:7      | Noticed a six-headed hydra
  1645 | D:7      | Turgon: What - 6-h hydra on D:7!
  1677 | D:6      | Turgon: And bees on D:5
  1758 | D:7      | Found a hazy altar of Hepliaklqana.
  1882 | D:6      | Slain by an orc warrior

Vault maps used:
D:1:      shiori_arrival_oz, minmay_hedge_maze, minmay_tromino_v4_a
D:3:      minitemple
D:5:      first_ration, nemelex_diamond_rough_becter
D:6:      nicolae_tso_besieged_by_evil, serial_shops, kennysheep_little_box,
          hangedman_glass_teeth
D:7:      minmay_temple_entry_junction, basic_altar, dk_vineyard_2

Skill      XL: |  1  2  3  4  5  6 |
---------------+-------------------+-----
Earth Magic    | 3 4 5 6 |  6.5
Spellcasting   | 3 4 |  4.5
Dodging        | |  1.7
Stealth        | |  1.7
Transmutations | |  0.8

Action                   |  1- 3 |  4- 6 |  7- 9 || total
-------------------------+-------+-------+-------++-------
Melee: Unarmed           |    14 |       |       ||    14
       Dagger            |    24 |    20 |    16 ||    60
       Quarterstaff      |     3 |       |       ||     3
 Cast: Sandblast         |    26 |    20 |     2 ||    48
       Stone Arrow       |       |    16 |     4 ||    20
       Lee's Rapid Decon |       |       |     1 ||     1
  Use: Potion            |     1 |     2 |     2 ||     5
       Scroll            |       |     9 |     1 ||    10
 Stab: Sleeping          |       |     2 |       ||     2
  Eat: Chunk             |       |     4 |       ||     4
Armor: Robe              |    12 |     7 |     5 ||    24
       Skin              |     3 |       |       ||     3
Dodge: Dodged            |    35 |    29 |    12 ||    76

Table legend:
 A = Spawn XP
 B = Non-spawn XP
 C = Spawn XP percentage of total XP
 D = Spawn monster count
 E = Non-spawn monster count
 F = Spawn count percentage of total count
 G = Total turns spent on level
                    A         B        C        D         E        F      G
               +---------+---------+-------+---------+---------+-------+---------
         Total |       0 |     920 |   0.0 |       0 |      48 |   0.0 |  1882
               +---------+---------+-------+---------+---------+-------+---------
           D:1 |       0 |      12 |   0.0 |       0 |       8 |   0.0 |   175
           D:2 |       0 |      11 |   0.0 |       0 |       6 |   0.0 |    87
           D:3 |       0 |      11 |   0.0 |       0 |       5 |   0.0 |   166
           D:4 |       0 |      19 |   0.0 |       0 |       2 |   0.0 |    83
           D:5 |       0 |     113 |   0.0 |       0 |       8 |   0.0 |   369
           D:6 |       0 |     507 |   0.0 |       0 |      11 |   0.0 |   794
           D:7 |       0 |     247 |   0.0 |       0 |       8 |   0.0 |   208
               +---------+---------+-------+---------+---------+-------+---------
